 Dungeon Crawl Stone Soup version 0.26.0-41-g79a4fc7684 (webtiles) character file.

Game seed: 11173236745215190218

46 kaeus the Grasshopper (level 3, -2/22 HPs)
             Began as an Octopode Wanderer on Jan 27, 2021.
             Slain by Sigmund
             ... wielding a +1 vorpal scythe
              (8 damage)
             ... on level 2 of the Dungeon.
             The game lasted 00:02:20 (1766 turns).

kaeus the Grasshopper (Octopode Wanderer)           Turns: 1766, Time: 00:02:20

Health: -2/22      AC:  1    Str: 10    XL:     3   Next: 66%
Magic:  6/6        EV: 12    Int: 15    God:
Gold:   57         SH:  0    Dex: 12    Spells: 5/6 levels left

rFire    . . .     SeeInvis .   a - +0 dagger
rCold    . . .     Faith    .   (no shield)
rNeg     . . .     Spirit   .   (helmet restricted)
rPois    .         Reflect  .   (no amulet)
rElec    .         Harm     .   (no ring)
rCorr    .         Rampage  .   (no ring)
Will     .....                  (no ring)
Stlth    +++.......             (no ring)
HPRegen  0.07/turn              (no ring)
MPRegen  0.10/turn              (no ring)
                                (no ring)
                                (no ring)

@: no status effects
A: almost no armour, stealthy swim, amphibious, 8 rings, constrict 8, camouflage
1, gelatinous body 1
a: no special abilities


You were on level 2 of the Dungeon.
You visited 1 branch of the dungeon, and saw 2 of its levels.

You collected 57 gold pieces.

Inventory:

Hand Weapons
 a - a +0 dagger (weapon)
Scrolls
 c - a scroll of identify {unknown}
 e - a scroll of remove curse {unknown}
 f - a scroll of noise {unknown}
 g - a scroll of teleportation {unknown}
Potions
 b - a potion of haste {unknown}
 d - 3 potions of might {unknown}


   Skills:
 + Level 0.7 Fighting
 + Level 0.6 Short Blades
 + Level 0.9 Dodging
 * Level 2.7 Stealth
 - Level 2.0 Shields
 + Level 2.2 Spellcasting
 + Level 2.3 Summonings
 - Level 3.0 Translocations
 - Level 1.0 Fire Magic


You had 5 spell levels left.
You knew the following spells:

 Your Spells              Type           Power        Failure   Level
a - Summon Small Mammal   Summ           32%          9%          1

Your spell library contained the following spells:

 Spells                   Type           Power        Failure   Level
 Blink                    Tloc           N/A          10%         2
 Gell's Gravitas          Tloc           5%           19%         3
 Lesser Beckoning         Tloc           5%           19%         3
 Teleport Other           Tloc           10%          19%         3
 Sting                    Tmut/Pois      4%           22%         1
 Call Canine Familiar     Summ           8%           26%         3
 Spider Form              Tmut/Pois      0%           54%         3
 Passage of Golubria      Tloc           N/A          54%         4


Dungeon Overview and Level Annotations

Branches:
Dungeon (2/15)

Altars:

Annotations:
D:2 Sigmund


Innate Abilities, Weirdness & Mutations

You cannot wear most types of armour.
You are very stealthy in the water. (Stealth+)
You are amphibious.
You can wear up to eight rings at the same time.
You can use your tentacles to constrict eight enemies at once.
Your skin changes colour to match your surroundings (Stealth+).
Your rubbery body absorbs attacks. (AC +1, EV +1)


Message History

You hit Sigmund.
Sigmund is moderately wounded.
You constrict Sigmund. The frilled lizard bites you.
You take 1 damage, and have 8/22 hp.
You hit Sigmund.
Sigmund is moderately wounded.
You constrict Sigmund.
Sigmund points at you and mumbles some strange words.
You resist with significant effort. The frilled lizard bites you.
You hit Sigmund.
Sigmund is heavily wounded.
You constrict Sigmund. Sigmund closely misses you.
The frilled lizard bites you.
* * * LOW HITPOINT WARNING * * *
You take 2 damage, and have 6/22 hp.
You hit Sigmund.
Sigmund is severely wounded.
You constrict Sigmund. The frilled lizard closely misses you.
Sigmund hits you with a +1 vorpal scythe!
You die...

#..#####.#########.
#..# ###.# #. #..#
#.#.# ## #.†###.#.#
##### #........#
#.... ####'#####.#
#.... #......# #.#
#.... #......# #.#
#.... #...@..+ ..#
##### #..l@(.# #..
..... #......# ...
##### #......# ..
#......# ########


You could see Sigmund and a frilled lizard.

Vanquished Creatures
  An ooze (D:2)
  2 dart slugs (D:1)
  A leopard gecko (D:1)
  A giant cockroach (D:1)
  8 goblins
  2 hobgoblins (D:1)
  3 jackals (D:1)
  6 kobolds
  5 bats
  2 frilled lizards (D:2)
  3 rats
34 creatures vanquished.

Notes
Turn   | Place    | Note
-------+----------+-------------------------------------------
     0 | D:1      | kaeus the Octopode Wanderer began the quest for the Orb.
     0 | D:1      | kaeus set off with the following items: a +0 dagger; and
                  | the following spells available to memorise: Summon Small
                  | Mammal, Blink, Gell's Gravitas, Lesser Beckoning, Teleport
                  | Other, Sting, Call Canine Familiar, Spider Form, Passage of
                  | Golubria
     0 | D:1      | Reached XP level 1. HP: 11/11 MP: 3/3
     2 | D:1      | Learned a level 1 spell: Summon Small Mammal
   127 | D:1      | Reached skill level 1 in Stealth
   155 | D:1      | Reached XP level 2. HP: 8/17 MP: 5/5
   837 | D:1      | Reached XP level 3. HP: 15/22 MP: 6/6
  1753 | D:2      | Noticed Sigmund
  1766 | D:2      | Slain by Sigmund

Illustrated notes

Levels and vault maps discovered:
D:1:      shiori_arrival_oz, layout_loops_cross, minmay_vboxes
D:2:      layout_basic, xom_teletrap_fun, lemuel_coloured_pillars_altar,
          old_standard_altar, uniq_sigmund

Skill      XL: |  1  2 |
---------------+-------+-----
Stealth        | 1 2 |  2.7
Fighting       | |  0.7
Short Blades   | |  0.6
Dodging        | |  0.9
Shields        | |  2.0
Spellcasting   | |  2.2
Summonings     | |  2.3
Translocations | |  3.0
Fire Magic     | |  1.0

Action                   || total
-------------------------++-------
Melee: Dagger            ||    86
       Constrict         ||    23
       Tentacles         ||    11
 Stab: Sleeping          ||     8
Armor: Skin              ||    13
Dodge: Dodged            ||    58
